 Dungeon Crawl Stone Soup version 0.23.1 (webtiles) character file.

Game seed: 17228537790965789580

31 Borgoz the Sneak (level 3, -3/27 HPs)
             Began as a Ghoul Enchanter on Mar 3, 2019.
             Slain by a worm (7 damage)
             ... on level 2 of the Dungeon.
             The game lasted 00:01:35 (1407 turns).

Borgoz the Sneak (Ghoul Enchanter)                  Turns: 1407, Time: 00:01:36

Health: -3/27      AC:  2    Str: 11    XL:     3   Next: 22%
Magic:  4/4        EV: 12    Int: 10    God:
Gold:   130        SH:  0    Dex: 10    Spells: 4/5 levels left

rFire    . . .     SeeInvis .   a - +1 dagger
rCold    + . .     Gourm    .   (no shield)
rNeg     + + +     Faith    .   b - +0 robe
rPois    ∞         Spirit   .   (no helmet)
rElec    .         Reflect  .   (no cloak)
rCorr    .         Harm     .   (no gloves)
MR       .....                  (no boots)
Stlth    ++........             (no amulet)
HPRegen  0.00/turn              (no ring)
MPRegen  0.09/turn              (no ring)

@: rotting
A: rotting body, claws 1, carnivore, cold resistance 1, negative energy
resistance 3, inhibited regeneration, torment resistance, unbreathing
a: no special abilities


You were on level 2 of the Dungeon.
You were not hungry.

You visited 1 branch of the dungeon, and saw 2 of its levels.

You collected 130 gold pieces.

Inventory:

Hand Weapons
 a - a +1 dagger (weapon)
Armour
 b - a +0 robe (worn)
Scrolls
 c - 4 scrolls of identify {unknown}
 e - a scroll of teleportation {unknown}
 h - a scroll of magic mapping {unknown}
Potions
 g - 2 potions of ambrosia {unknown}
 i - a potion of degeneration {unknown}
Comestibles
 d - 4 rations
 f - 4 chunks of flesh


   Skills:
 + Level 0.9 Fighting
 * Level 1.6 Short Blades
 + Level 0.9 Armour
 * Level 2.3 Dodging
 - Level 3.2 Stealth
 - Level 1.7 Spellcasting
 - Level 2.4 Hexes


You had 4 spell levels left.
You knew the following spells:

 Your Spells              Type           Power        Failure   Level  Hunger
a - Corona                Hex            #......      12%         1    ##.....

Your spell library contained the following spells:

 Spells                   Type           Power        Failure   Level  Hunger
 Ensorcelled Hibernation  Hex/Ice        #.....       30%         2    ###....
 Confuse                  Hex            #.......     34%         3    ####...
 Tukima's Dance           Hex            #.......     34%         3    ####...
 Dazzling Spray           Conj/Hex       #.....       52%         3    ####...


Dungeon Overview and Level Annotations

Branches:
Dungeon (2/15)

Altars:


Innate Abilities, Weirdness & Mutations

Your body is rotting away.
You thrive on raw meat.
You are immune to poison.
You have sharp fingernails.
You are carnivorous and can eat meat at any time.
Your flesh is cold resistant. (rC+)
You are immune to negative energy. (rN+++)
You do not regenerate when monsters are visible.
You are immune to unholy pain and torment.
You can survive without breathing.


Message History

The worm bites you!
You hit the worm.
The worm is severely wounded.
You hit the worm.
The worm is almost dead.
The worm bites you.
* * * LOW HITPOINT WARNING * * *
You see here a rat skeleton.
Some of the chunks of flesh in your inventory have rotted away.
You hit the worm.
The worm is severely wounded.
You barely miss the worm.
The worm is severely wounded.
The worm closely misses you.
You barely miss the worm.
The worm is severely wounded.
You hit the worm.
The worm is almost dead.
The worm bites you!
You die...

#...........######.#..
#.###(#............#..
#.# #.##############..
#.###.#.!w... ...
#...(...#
#.#####.################
#.......................
######.w................
#.@############.... #..#
.. #.##. #..# ##.#.##.
#$.# #....<#+ #..#
####.[.. #..# #.........
#..# #######... #...
#... #...


You could see a worm.

Vanquished Creatures
  2 dart slugs
  A giant cockroach (D:1)
  4 goblins
  2 hobgoblins (D:1)
  4 jackals (D:1)
  A bat (D:2)
  2 frilled lizards
  5 kobolds
  5 rats
26 creatures vanquished.

Notes
Turn   | Place    | Note
-------+----------+-------------------------------------------
     0 | D:1      | Borgoz the Ghoul Enchanter began the quest for the Orb.
     0 | D:1      | Reached XP level 1. HP: 14/14 MP: 2/2
    89 | D:1      | Reached skill level 1 in Short Blades
   153 | D:1      | Reached XP level 2. HP: 15/20 MP: 3/3
  1170 | D:2      | Reached XP level 3. HP: 23/27 MP: 4/4
  1407 | D:2      | Slain by a worm

Skill      XL: |  1 |
---------------+----+-----
Short Blades   | 1 |  1.6
Dodging        | 2 |  2.3
Fighting       | |  0.9
Armour         | |  0.9
Stealth        | |  3.2
Spellcasting   | |  1.7
Hexes          | |  2.4

Action                   || total
-------------------------++-------
Melee: Dagger            ||   103
 Stab: Sleeping          ||     6
  Eat: Chunk             ||     4
Armor: Robe              ||     4
Dodge: Dodged            ||    54
